 Dungeon Crawl Stone Soup version 0.22-a0-348-gd16d139 (webtiles) character file.

2720 xccam the Fighter (level 9, -2/79 HPs)
             Began as a Gnoll Wanderer on Apr 8, 2018.
             Slain by a centaur (4 damage)
             ... on level 7 of the Dungeon.
             The game lasted 00:17:28 (7318 turns).

xccam the Fighter (Gnoll Wanderer)                  Turns: 7318, Time: 00:17:29

Health: -2/79      AC: 11    Str: 14    XL:     9   Next: 66%
Magic:  15/15      EV: 18    Int: 16    God:
Gold:   273        SH:  6    Dex: 20    Spells: 16/16 levels left

rFire    . . .     SeeInvis .   r - +1 long sword
rCold    . . .     Gourm    .   e - +0 buckler
rNeg     . . .     Faith    .   a - +2 scale mail
rPois    .         Spirit   .   (helmet restricted)
rElec    .         Reflect  .   (no cloak)
rCorr    .         Harm     .   (no gloves)
MR       .....                  (no boots)
Stlth    +++.......             (no amulet)
HPRegen  0.23/turn              l - +1 ring of protection
MPRegen  0.14/turn              n - +2 ring of evasion

@: agile, heavily drained
A: distributed training, fangs 1, horns 1, rugged brown scales 1, sense
surroundings 1, weak 1, strong nose
a: no special abilities


You were on level 7 of the Dungeon.
You were not hungry.

You visited 1 branch of the dungeon, and saw 7 of its levels.

You collected 273 gold pieces.

Inventory:

Hand Weapons
 b - a +0 falchion
 r - a +1 long sword (weapon)
 w - a +0 halberd
Armour
 a - a +2 scale mail (worn)
 e - a +0 buckler (worn)
Jewellery
 l - a +1 ring of protection (left hand)
 n - a +2 ring of evasion (right hand)
Scrolls
 c - a scroll of amnesia {unknown}
 f - 3 scrolls of teleportation {unknown}
 i - 7 scrolls of enchant weapon {unknown}
 k - 2 scrolls of fear {unknown}
 m - 2 scrolls of enchant armour {unknown}
 o - 13 scrolls of identify
 p - 4 scrolls of remove curse {unknown}
 q - 2 scrolls of noise {unknown}
 t - a scroll of blinking {unknown}
 v - a scroll of random uselessness {unknown}
Potions
 g - a potion of cancellation
 s - a potion of resistance
 x - a potion of magic
Comestibles
 d - 11 rations


   Skills:
 + Level 9.6(8.1) Fighting
 + Level 4.4(3.1) Short Blades
 + Level 5.1(3.8) Long Blades
 + Level 4.4(3.1) Axes
 + Level 4.4(3.1) Maces & Flails
 + Level 4.4(3.1) Polearms
 + Level 4.4(3.1) Staves
 + Level 4.4(3.1) Slings
 + Level 5.1(3.8) Bows
 + Level 4.4(3.1) Crossbows
 + Level 4.4(3.1) Throwing
 + Level 5.1(3.8) Armour
 + Level 5.1(3.8) Dodging
 + Level 5.0(3.7) Stealth
 + Level 5.1(3.8) Shields
 + Level 4.4(3.1) Unarmed Combat
 + Level 4.4(3.1) Spellcasting
 + Level 3.6(2.3) Conjurations
 + Level 3.6(2.3) Hexes
 + Level 3.6(2.3) Charms
 + Level 3.6(2.3) Summonings
 + Level 3.6(2.3) Necromancy
 + Level 3.6(2.3) Translocations
 + Level 3.6(2.3) Transmutations
 + Level 3.6(2.3) Fire Magic
 + Level 3.6(2.3) Ice Magic
 + Level 3.6(2.3) Air Magic
 + Level 3.6(2.3) Earth Magic
 + Level 3.6(2.3) Poison Magic
 + Level 4.8(3.5) Invocations
 + Level 4.4(3.1) Evocations


You had 16 spell levels left.
You didn't know any spells.

Dungeon Overview and Level Annotations

Branches:
Dungeon (7/15)
 Temple: D:4-7

Altars:
Fedhas
Ru
Sif Muna

Annotations:
D:5 Patate's ghost, novice HOBe
D:7 Joseph


Innate Abilities, Weirdness & Mutations

Your experience applies equally to all skills.
You have very sharp teeth.
Your uncanny sense of smell can sniff out nearby items.
You have a pair of small horns on your head.
You are partially covered in rugged brown scales. (AC +1, +3% HP)
You passively map a small area around you.
You are weak. (Str -2)


Message History

You hit the centaur.
You headbutt the centaur, but do no damage.
The centaur is lightly wounded.
The centaur unwields an uncursed shortbow.
The centaur hits you.
* * * LOW HITPOINT WARNING * * *
You barely miss the centaur.
The centaur is lightly wounded.
The centaur closely misses you. The centaur barely misses you.
You hit the centaur. You headbutt the centaur.
The centaur is heavily wounded.
The centaur misses you. You block the centaur's attack.
You slash the centaur! Your headbutt misses the centaur.
The centaur is almost dead.
The centaur barely misses you. The centaur hits you!
* * * LOW HITPOINT WARNING * * *
You hit the centaur.
The centaur is almost dead.
The centaur barely misses you. The centaur hits you.
You die...

##.#..# * , #
#..#..# * ,
####. #.##<.# ,
,.....$#)##..###
* #....)5z.(.#
*, , ,
#.......#####@#
** * ..##.....,
*#5# .....#.##
*#c# *####.#..*
*#@# #.... #.# *
* # ... #(....#
.[.. #####.# , ,
, , ,, *, , * *∆
,, , , , *


You could see Joseph, a centaur and a shadow imp.

Vanquished Creatures
  The ghost of grindst0ne the Skirmisher, a novice FoAK of Lugonu (D:6)
  Pikel (D:6)
  A black bear (D:6)
  An ice beast (D:6)
  2 ogres (D:4)
  A centaur (D:5)
  Blork the orc (D:4)
  A scorpion (D:4)
  The ghost of zkyp the Cutter, a weakling DgSk (D:4)
  5 wights (D:7)
  A howler monkey (D:5)
  2 crimson imps (D:5)
  2 jellies
  A hound (D:5)
  2 orc priests
  A gnoll shaman (D:6)
  4 orc wizards
  A bullfrog skeleton (D:5)
  2 iguanas (D:4)
  5 worker ants
  A hound skeleton (D:5)
  15 gnolls
  14 adders
  A howler monkey skeleton (D:4)
  An ooze (D:4)
  An adder zombie (D:6)
  An adder skeleton (D:5)
  3 worms
  2 dart slugs
  3 leopard geckos
  11 orcs
  7 giant cockroaches
  3 goblins
  6 hobgoblins
  8 jackals
  6 kobolds
  A quokka (D:6)
  A ball python (D:3)
  11 bats
  3 frilled lizards
  A jackal skeleton (D:5)
  5 rats
141 creatures vanquished.

Vanquished Creatures (others)
  2 slaves (D:6)
  An orc wizard (D:6)
  A jackal (D:6)
4 creatures vanquished.

Grand Total: 145 creatures vanquished

Notes
Turn   | Place    | Note
-------+----------+-------------------------------------------
     0 | D:1      | xccam the Gnoll Wanderer began the quest for the Orb.
     0 | D:1      | xccam set off with: a +2 scale mail, a +0 falchion, a potion of curing, a ration
     0 | D:1      | Reached XP level 1. HP: 26/26 MP: 1/1
    83 | D:1      | Reached XP level 2. HP: 25/33 MP: 2/2
   341 | D:1      | Reached XP level 3. HP: 29/38 MP: 3/3
   824 | D:2      | Reached skill level 1 in Invocations
   948 | D:2      | Reached skill level 1 in Short Blades
   948 | D:2      | Reached skill level 1 in Axes
   948 | D:2      | Reached skill level 1 in Maces & Flails
   948 | D:2      | Reached skill level 1 in Polearms
   948 | D:2      | Reached skill level 1 in Staves
   948 | D:2      | Reached skill level 1 in Slings
   948 | D:2      | Reached skill level 1 in Crossbows
   948 | D:2      | Reached skill level 1 in Throwing
   948 | D:2      | Reached skill level 1 in Unarmed Combat
   948 | D:2      | Reached skill level 1 in Spellcasting
   948 | D:2      | Reached skill level 1 in Evocations
   948 | D:2      | Reached XP level 4. HP: 41/45 MP: 5/5
  1345 | D:3      | Reached skill level 1 in Conjurations
  1345 | D:3      | Reached skill level 1 in Hexes
  1345 | D:3      | Reached skill level 1 in Charms
  1345 | D:3      | Reached skill level 1 in Summonings
  1345 | D:3      | Reached skill level 1 in Necromancy
  1345 | D:3      | Reached skill level 1 in Translocations
  1345 | D:3      | Reached skill level 1 in Transmutations
  1345 | D:3      | Reached skill level 1 in Fire Magic
  1345 | D:3      | Reached skill level 1 in Ice Magic
  1345 | D:3      | Reached skill level 1 in Air Magic
  1345 | D:3      | Reached skill level 1 in Earth Magic
  1345 | D:3      | Reached skill level 1 in Poison Magic
  1604 | D:3      | Reached XP level 5. HP: 37/51 MP: 6/6
  2378 | D:4      | Reached XP level 6. HP: 49/57 MP: 8/8
  2840 | D:4      | Noticed zkyp's ghost (weakling DgSk)
  2913 | D:4      | Reached XP level 7. HP: 45/63 MP: 10/10
  2965 | D:4      | HP: 2/63 [ogre/giant club (9)]
  3279 | D:4      | Killed zkyp's ghost
  3999 | D:4      | Noticed Blork the orc
  4005 | D:4      | Found a deep blue altar of Sif Muna.
  4255 | D:4      | Killed Blork the orc
  4255 | D:4      | Reached skill level 9 in Fighting
  4308 | D:5      | Entered Level 5 of the Dungeon
  4326 | D:5      | Gained mutation: You are weak. (Str -2) [potion of mutation]
  4326 | D:5      | Gained mutation: You are partially covered in rugged brown scales. (AC +1, +3% HP) [potion of mutation]
  4326 | D:5      | Gained mutation: You passively map a small area around you. [potion of mutation]
  4326 | D:5      | Gained mutation: You have a pair of small horns on your head. [potion of mutation]
  4329 | D:5      | Reached XP level 8. HP: 18/73 MP: 10/12
  4927 | D:5      | Found a sacrificial altar of Ru.
  4979 | D:5      | Noticed Patate's ghost (novice HOBe)
  5596 | D:6      | Noticed Pikel
  5628 | D:6      | Killed Pikel
  5628 | D:6      | Reached XP level 9. HP: 48/78 MP: 14/14
  5662 | D:6      | Noticed grindst0ne's ghost (novice FoAK)
  6045 | D:6      | Killed grindst0ne's ghost
  6045 | D:6      | Reached skill level 5 in Long Blades
  6045 | D:6      | Reached skill level 5 in Bows
  6045 | D:6      | Reached skill level 5 in Armour
  6045 | D:6      | Reached skill level 5 in Dodging
  6045 | D:6      | Reached skill level 5 in Shields
  6586 | D:6      | Found a blossoming altar of Fedhas.
  6774 | D:5      | HP: 3/79 [Patate's ghost (10)]
  7241 | D:7      | Reached skill level 5 in Stealth
  7284 | D:7      | Noticed Joseph
  7317 | D:7      | HP: 2/79 [centaur (8)]
  7318 | D:7      | Slain by a centaur

Vault maps used:
D:1:      grunt_arrival_lava_bath
D:4:      tgw_sif
D:5:      first_ration, minmay_misc_feat_hallway,
          nicolae_ru_great_annihilating_truth
D:6:      minmay_klotski, fedhas_altar_fruit_tree, minivault_26, uniq_pikel
D:7:      minmay_temple_entry_enclosed_plants, uniq_joseph

Skill      XL: |  1  2  3  4  5  6  7  8  9 |
---------------+----------------------------+-----
Invocations    | 1 2 3 4 |  4.8
Short Blades   | 1 2 3 4 |  4.4
Axes           | 1 2 3 4 |  4.4
Maces & Flails | 1 2 3 4 |  4.4
Polearms       | 1 2 3 4 |  4.4
Staves         | 1 2 3 4 |  4.4
Slings         | 1 2 3 4 |  4.4
Crossbows      | 1 2 3 4 |  4.4
Throwing       | 1 2 3 4 |  4.4
Unarmed Combat | 1 2 3 4 |  4.4
Spellcasting   | 1 2 3 4 |  4.4
Evocations     | 1 2 3 4 |  4.4
Conjurations   | 1 2 3 |  3.6
Hexes          | 1 2 3 |  3.6
Charms         | 1 2 3 |  3.6
Summonings     | 1 2 3 |  3.6
Necromancy     | 1 2 3 |  3.6
Translocations | 1 2 3 |  3.6
Transmutations | 1 2 3 |  3.6
Fire Magic     | 1 2 3 |  3.6
Ice Magic      | 1 2 3 |  3.6
Air Magic      | 1 2 3 |  3.6
Earth Magic    | 1 2 3 |  3.6
Poison Magic   | 1 2 3 |  3.6
Long Blades    | 3 4 5 |  5.1
Bows           | 3 4 5 |  5.1
Armour         | 3 4 5 |  5.1
Dodging        | 3 4 5 |  5.1
Shields        | 3 4 5 |  5.1
Stealth        | 3 4 5 |  5.0
Fighting       | 9 |  9.6

Action                   |  1- 3 |  4- 6 |  7- 9 || total
-------------------------+-------+-------+-------++-------
Melee: Falchion          |    77 |   215 |   514 ||   806
       Bite              |    13 |    29 |    85 ||   127
       Punch             |       |     2 |     1 ||     3
       Halberd           |       |       |     3 ||     3
       Headbutt          |       |       |   115 ||   115
       Long sword        |       |       |    20 ||    20
  Use: Potion            |       |       |     9 ||     9
       Scroll            |       |       |     3 ||     3
 Stab: Invisible         |       |       |     1 ||     1
  Eat: Chunk             |       |     6 |     4 ||    10
       Ration            |       |       |     4 ||     4
Armor: Scale mail        |    33 |    86 |   191 ||   310
Dodge: Dodged            |    70 |   151 |   307 ||   528
Block: Buckler           |       |       |    79 ||    79
       Rpst.: Falchion   |    21 |    39 |    83 ||   143
       Long sword        |       |       |     5 ||     5

Table legend:
 A = Spawn XP
 B = Non-spawn XP
 C = Spawn XP percentage of total XP
 D = Spawn monster count
 E = Non-spawn monster count
 F = Spawn count percentage of total count
 G = Total turns spent on level
                    A         B        C        D         E        F      G
               +---------+---------+-------+---------+---------+-------+---------
         Total |       0 |    3886 |   0.0 |       0 |     141 |   0.0 |  7318
               +---------+---------+-------+---------+---------+-------+---------
           D:1 |       0 |      47 |   0.0 |       0 |      18 |   0.0 |   817
           D:2 |       0 |      74 |   0.0 |       0 |      15 |   0.0 |   458
           D:3 |       0 |     193 |   0.0 |       0 |      27 |   0.0 |  1306
           D:4 |       0 |     730 |   0.0 |       0 |      25 |   0.0 |  2029
           D:5 |       0 |     700 |   0.0 |       0 |      31 |   0.0 |  1033
           D:6 |       0 |    1828 |   0.0 |       0 |      18 |   0.0 |  1582
           D:7 |       0 |     314 |   0.0 |       0 |       7 |   0.0 |    93
               +---------+---------+-------+---------+---------+-------+---------
